 Dungeon Crawl Stone Soup version 0.25-a0-558-g78a2afb0af (webtiles) character file.

Game seed: 14747012675568511410, levelgen mode: classic

835 EnegeticOcto the Chopper (level 7, -1/67 HPs)
             Began as a Deep Dwarf Fighter on Feb 24, 2020.
             Was an Initiate of Makhleb.
             Slain by an orc priest
             ... wielding a +0 mace
              (2 damage)
             ... on level 5 of the Dungeon.
             The game lasted 00:01:17 (1043 turns).

EnegeticOcto the Chopper (Deep Dwarf Fighter)       Turns: 1043, Time: 00:01:17

Health: -1/67      AC:  9    Str: 22    XL:     7   Next: 66%
Magic:  0/0        EV:  9    Int:  8    God:    Makhleb [......]
Gold:   63         SH: 10    Dex: 12    Spells: 6/6 levels left

rFire    . . .     SeeInvis .   a - +0 war axe
rCold    . . .     Gourm    +   c - +0 kite shield
rNeg     . . .     Faith    .   b - +0 scale mail
rPois    .         Spirit   .   m - +0 helmet (curse)
rElec    .         Reflect  .   (no cloak)
rCorr    .         Harm     .   f - +0 pair of gloves
MR       +....                  (no boots)
Stlth    ..........             n - amulet of the gourmand
HPRegen  0.00/turn              (no ring)
MPRegen  0.07/turn              (no ring)

@: very slightly contaminated, non-regenerating
A: damage resistance, heal wounds, sense surroundings 1, no regeneration
a: Heal Wounds, Renounce Religion


You were on level 5 of the Dungeon.
You worshipped Makhleb.
Makhleb was noncommittal.
You were full.

You visited 1 branch of the dungeon, and saw 5 of its levels.

You collected 63 gold pieces.

Inventory:

Hand Weapons
 a - a +0 war axe (weapon)
Armour
 b - a +0 scale mail (worn)
 c - a +0 kite shield (worn)
 f - a +0 pair of gloves (worn)
 m - a cursed +0 helmet (worn)
Jewellery
 n - an amulet of the gourmand (around neck)
Wands
 j - a wand of flame (14)
Scrolls
 g - a scroll of enchant armour {unknown}
 l - a scroll of remove curse {unknown}
Potions
 d - 2 potions of flight {unknown}
 h - a potion of heal wounds {unknown}
 k - a potion of might {@q3}
Comestibles
 e - 3 rations


   Skills:
 * Level 5.0 Fighting
 * Level 5.5 Axes
 + Level 4.9 Armour
 + Level 3.2 Dodging
 + Level 4.7 Shields
 * Level 0.0 Invocations


You had 6 spell levels left.
You didn't know any spells.
Your spell library was empty.

Dungeon Overview and Level Annotations

Branches:
Dungeon (5/15)
 Temple: D:4-7

Altars:
Kikubaaqudgha
Makhleb


Innate Abilities, Weirdness & Mutations

You are resistant to damage.
You can heal yourself by infusing magical energy.
You passively map a small area around you.
You do not regenerate.


Message History

You block the iron imp's attack.
You hit the iron imp but do no damage.
The iron imp is heavily wounded.
The iron imp hits you.
* * * LOW HITPOINT WARNING * * *
You hit the iron imp.
The iron imp is heavily wounded.
You block the iron imp's attack.
You slash the iron imp!
You kill the iron imp!
Your Fighting skill increases to level 5!
You are too injured to fight recklessly!
There is a burning altar of Makhleb here.
You kneel at the altar of Makhleb.
Makhleb welcomes you!
Eating one of 14 chunks of flesh.
You eat one of the 14 chunks of flesh.
This raw flesh is not very appetising.
Eating one of 13 chunks of flesh.
You eat one of the 13 chunks of flesh.
This raw flesh is not very appetising.
Eating one of 12 chunks of flesh.
You eat one of the 12 chunks of flesh.
This raw flesh is not very appetising.
Eating one of 11 chunks of flesh.
You eat one of the 11 chunks of flesh.
This raw flesh is not very appetising.
Eating one of 10 chunks of flesh.
You eat one of the 10 chunks of flesh.
This raw flesh is not very appetising.
Eating one of 9 chunks of flesh.
You eat one of the 9 chunks of flesh.
This raw flesh is not very appetising.
Eating one of 8 chunks of flesh.
You eat one of the 8 chunks of flesh.
This raw flesh is not very appetising.
Eating one of 7 chunks of flesh.
You eat one of the 7 chunks of flesh.
This raw flesh is not very appetising.
Eating one of 6 chunks of flesh.
You eat one of the 6 chunks of flesh.
This raw flesh is not very appetising.
Eating one of 5 chunks of flesh.
You eat one of the 5 chunks of flesh.
This raw flesh is not very appetising.
Eating one of 4 chunks of flesh.
You eat one of the 4 chunks of flesh.
This raw flesh is not very appetising.
Eating one of 3 chunks of flesh.
You eat one of the 3 chunks of flesh.
This raw flesh is not very appetising.
Eating one of 2 chunks of flesh.
You eat one of the 2 chunks of flesh.
This raw flesh is not very appetising.
Eating a chunk of flesh.
You eat the chunk of flesh.
This raw flesh is not very appetising.
There is a stone staircase leading down here.
You climb downwards.
A leopard gecko zombie comes into view.
There is a stone staircase leading up here.
Blink to where?
Press: ? - help, Dir - move target cursor You are very lightly contaminated with residual magic.
As you read the scroll labeled UCY UMOLUE, it crumbles to dust.
It was a scroll of blinking.
Unknown command.
An orc comes into view. It is wielding a +0 flail.
The orc shouts!
You block the leopard gecko zombie's attack.
An orc comes into view. It is wielding a +0 dagger.
You hit the leopard gecko zombie.
The leopard gecko zombie is moderately damaged.
The leopard gecko zombie closely misses you.
An orc priest comes into view. It is wielding a +0 mace.
You block the leopard gecko zombie's attack.
You slash the leopard gecko zombie!
You destroy the leopard gecko zombie!
Makhleb accepts your kill.
An orc wizard comes into view. It is wielding a +0 dagger.
The orc wizard shouts!
You hear a shout!
You block the orc's attack.
You closely miss the orc.
A crimson imp comes into view.
You block the orc's attack.
You hit the orc.
The orc is moderately wounded.
You closely miss the orc.
The crimson imp grinds its teeth.
The orc priest calls upon Beogh to heal the orc.
The orc's wounds heal themselves!
You block the orc's attack. The orc barely misses you.
You block the orc's attack. You block the orc priest's attack.
The orc wizard points at you and mumbles some strange words.
The puff of flame hits you!
* * * LOW HITPOINT WARNING * * *
You hit the orc priest.
The orc priest is lightly wounded.
You hit the orc wizard but do no damage.
Your shield and scale mail prevent you from hitting the orc.
You completely miss the orc. The orc hits you but does no damage.
You block the orc's attack. You block the orc wizard's attack.
The orc priest hits you but does no damage.
The orc barely misses you.
You slash the orc priest!
The orc priest is almost dead.
Your shield and scale mail prevent you from hitting the orc.
You slash the orc!
You kill the orc!
Makhleb accepts your kill.
You hit the orc wizard.
The orc wizard hits you but does no damage.
The orc hits you with a +0 dagger. The orc priest hits you with a +0 mace.
You die...

, * ,
#...... , ,
, , #.....#
*
,,,*#.....##
* , +......#
#......#
+####......#
, ,
......5oo..+
, , , ,
#.o@# .#* *
,
##.).##.##+#
#...........
*
#...........
,
+..<........
, ,
#...........
** *
############


You could see an orc priest, an orc wizard, a crimson imp and an orc.

Vanquished Creatures
  Grinder (D:4)
  Eustachio (D:4)
  A centaur (D:4)
  A scorpion (D:4)
  2 orc priests
  2 hounds (D:4)
  An orc wizard (D:4)
  3 iron imps (D:4)
  2 worker ants (D:4)
  Robin (D:4)
  2 adders
  An ooze (D:1)
  An adder skeleton (D:4)
  5 orcs
  4 giant cockroaches
  12 goblins
  4 hobgoblins
  4 jackals (D:1)
  A kobold (D:2)
  A quokka (D:4)
  A frilled lizard (D:1)
  A leopard gecko zombie (D:5)
52 creatures vanquished.

Vanquished Creatures (others)
  An orc (D:4)
1 creature vanquished.

Grand Total: 53 creatures vanquished

Notes
Turn   | Place    | Note
-------+----------+-------------------------------------------
     0 | D:1      | EnegeticOcto the Deep Dwarf Fighter began the quest for the
                  | Orb.
     0 | D:1      | Reached XP level 1. HP: 20/20 MP: 1/1
    87 | D:1      | Reached XP level 2. HP: 27/27 MP: 2/2
   209 | D:2      | Reached XP level 3. HP: 34/34 MP: 3/3
   387 | D:3      | Reached skill level 1 in Dodging
   435 | D:4      | Noticed a centaur
   444 | D:4      | Killed a centaur
   444 | D:4      | Reached XP level 4. HP: 17/43 MP: 4/4
   444 | D:4      | Reached XP level 5. HP: 20/49 MP: 5/5
   471 | D:4      | Noticed Eustachio
   476 | D:4      | Noticed Grinder
   503 | D:4      | Paralysed by Grinder for 5 turns
   573 | D:4      | Paralysed by Grinder for 6 turns
   581 | D:4      | Killed Grinder
   581 | D:4      | Reached XP level 6. HP: 36/57 MP: 2/2
   611 | D:4      | Killed Eustachio
   611 | D:4      | Reached XP level 7. HP: 40/66 MP: 3/3
   651 | D:4      | Reached skill level 5 in Axes
   739 | D:4      | Found an ancient bone altar of Kikubaaqudgha.
   803 | D:4      | Noticed Robin
   825 | D:4      | Killed Robin
   964 | D:4      | Found a burning altar of Makhleb.
   991 | D:4      | Reached skill level 5 in Fighting
   997 | D:4      | Became a worshipper of Makhleb the Destroyer
  1032 | D:5      | Entered Level 5 of the Dungeon
  1041 | D:5      | HP: 1/67 [orc wizard/puff of flame (10)]
  1043 | D:5      | Slain by an orc priest

Levels and vault maps discovered:
D:1:      saegor_arrival_under_anarchy, layout_rooms, hangedman_decor_push,
          minmay_crystal_room
D:2:      layout_loops_ring, doesnt_xom_only_xom
D:3:      layout_loops_ring, grunt_ministairs_6, uniq_ijyb
D:4:      layout_rooms, kiku_gazebo_garden_becter, demons_altar, uniq_eustachio,
          uniq_robin, uniq_grinder
D:5:      layout_gridville, ebering_ghost_sewer_d, first_ration

Skill      XL: |  1  2  3  4  5  6  7 |
---------------+----------------------+-----
Fighting       | 3 4 5 |  5.0
Axes           | 3 4 5 |  5.5
Dodging        | 1 2 3 |  3.2
Armour         | 4 |  4.9
Shields        | 4 |  4.7

Action                   |  1- 3 |  4- 6 |  7- 9 || total
-------------------------+-------+-------+-------++-------
Melee: War axe           |    65 |   109 |   111 ||   285
 Abil: Heal Wounds       |     1 |    11 |     3 ||    15
  Use: Scroll            |       |       |     1 ||     1
  Eat: Chunk             |       |       |    15 ||    15
Armor: Scale mail        |    38 |   148 |    45 ||   231
Dodge: Dodged            |    16 |    94 |    48 ||   158
Block: Kite shield       |    44 |   141 |    75 ||   260

Table legend:
 A = Non-vault XP
 B = Vault XP
 C = Vault XP percentage of total XP
 D = Non-vault monster count
 E = Vault monster count
 F = Vault count percentage of total count
                 A         B        C        D         E       F
            +---------+---------+-------+---------+---------+-------
      Total |     537 |     656 |  55.0 |      35 |      17 |  32.7
            +---------+---------+-------+---------+---------+-------
        D:1 |      27 |       0 |   0.0 |      12 |       0 |   0.0
        D:2 |      17 |       0 |   0.0 |       3 |       0 |   0.0
        D:3 |      52 |       0 |   0.0 |       5 |       0 |   0.0
        D:4 |     437 |     656 |  60.0 |      13 |      17 |  56.7
        D:5 |       4 |       0 |   0.0 |       2 |       0 |   0.0
            +---------+---------+-------+---------+---------+-------
